 Dungeon Crawl Stone Soup version 0.24-a0-57-gac335f2 (webtiles) character file.

Game seed: 5980569505441296848

164 galech the Skirmisher (level 5, -3/42 HPs)
             Began as a Demonspawn Fighter on Feb 4, 2019.
             Blown up by Ijyb (15 damage)
             ... with a wand of disintegration (9)
             ... on level 3 of the Dungeon.
             The game lasted 00:02:01 (2066 turns).

galech the Skirmisher (Demonspawn Fighter)          Turns: 2066, Time: 00:02:02

Health: -3/42      AC: 11    Str: 16    XL:     5   Next: 21%
Magic:  0/5        EV:  7    Int:  9    God:
Gold:   107        SH:  9    Dex: 14    Spells: 4/4 levels left

rFire    + . .     SeeInvis .   a - +0 war axe
rCold    . . .     Gourm    .   c - +0 shield
rNeg     . . .     Faith    .   b - +0 scale mail
rPois    .         Spirit   +   (no helmet)
rElec    .         Reflect  .   (no cloak)
rCorr    .         Harm     .   k - +0 pair of gloves
MR       .....                  q - +0 pair of boots
Stlth    ..........             (no amulet)
HPRegen  0.14/turn              o - ring of wizardry
MPRegen  0.09/turn              (no ring)

@: no status effects
A: yellow scales 1, fire resistance 1, magic shield
a: no special abilities


You were on level 3 of the Dungeon.
You were not hungry.

You visited 1 branch of the dungeon, and saw 3 of its levels.

You collected 107 gold pieces.

Inventory:

Hand Weapons
 a - a +0 war axe (weapon)
Armour
 b - a +0 scale mail (worn)
 c - a +0 shield (worn)
 k - a +0 pair of gloves (worn)
 q - a +0 pair of boots (worn)
Jewellery
 o - a ring of wizardry (left hand)
Scrolls
 h - 2 scrolls of remove curse {unknown}
 j - 2 scrolls of identify {unknown}
 l - 2 scrolls of enchant weapon {unknown}
 n - 2 scrolls of immolation {unknown}
 p - a scroll of fog {unknown}
 r - a scroll of enchant armour {unknown}
 t - a scroll of blinking {unknown}
Potions
 d - a potion of might
 e - 3 potions of agility {unknown}
 g - a potion of ambrosia {unknown}
 i - a potion of flight {unknown}
 m - a potion of curing {unknown}
 u - a potion of degeneration {unknown}
Comestibles
 f - 4 rations
 s - 6 chunks of flesh


   Skills:
 + Level 3.7 Fighting
 + Level 3.5 Axes
 + Level 3.2 Armour
 + Level 0.9 Dodging
 + Level 3.2 Shields


You had 4 spell levels left.
You didn't know any spells.
Your spell library was empty.

Dungeon Overview and Level Annotations

Branches:
Dungeon (3/15)

Altars:

Annotations:
D:3 Ijyb


Innate Abilities, Weirdness & Mutations

You are partially covered in yellow scales. (AC +2)
Your flesh is heat resistant. (rF+)
When hurt, damage is shared between your health and your magic reserves.


Message History

You are too injured to fight recklessly!
You are too injured to fight recklessly!
You are too injured to fight recklessly!
You are too injured to fight recklessly!
You closely miss Ijyb.
Ijyb is lightly wounded.
You block Ijyb's attack.
You closely miss Ijyb.
Ijyb is lightly wounded.
Ijyb barely misses you.
You hit Ijyb.
Ijyb is lightly wounded.
Ijyb closely misses you. x2
You barely miss Ijyb.
Ijyb is lightly wounded.
Ijyb hits you.
You hit Ijyb.
Ijyb is moderately wounded.
Ijyb hits you but does no damage.
Ijyb zaps a wand.
You are blasted!
You die...

#....##.#.#
#.##.##(#.#
#.##.##.#.#
#.##.##.#.######
#####.##....รท.......
#....?##.####.######
#.....##.# #.#
#.....##.# #.#
#..@..##.# ##'####
#.[g..##.# #.)...#
#.....##.# #..<..#
#..)..##.# #.....#
......?#.# #.....#
##...#### ##......
#.... ######## #....


You could see Ijyb.

Vanquished Creatures
  Natasha (thrice) (D:2)
  2 adders
  An ooze (D:1)
  3 worms
  2 dart slugs
  4 leopard geckos
  An orc (D:3)
  4 giant cockroaches
  6 goblins
  2 hobgoblins (D:1)
  3 jackals (D:2)
  A quokka (D:2)
  A bat (D:1)
  7 frilled lizards
  9 kobolds
  6 rats
55 creatures vanquished.

Notes
Turn   | Place    | Note
-------+----------+-------------------------------------------
     0 | D:1      | galech the Demonspawn Fighter began the quest for the Orb.
     0 | D:1      | Reached XP level 1. HP: 18/18 MP: 1/1
   362 | D:1      | Gained mutation: You are partially covered in yellow
                  | scales. (AC +2) [demonic ancestry]
   362 | D:1      | Reached XP level 2. HP: 24/24 MP: 2/2
   879 | D:1      | Gained mutation: When hurt, damage is shared between your
                  | health and your magic reserves. [demonic ancestry]
   879 | D:1      | Reached XP level 3. HP: 29/29 MP: 3/3
  1325 | D:2      | Noticed Natasha
  1339 | D:2      | Killed Natasha
  1339 | D:2      | Reached XP level 4. HP: 12/35 MP: 1/4
  1876 | D:2      | Noticed Natasha
  1887 | D:2      | Killed Natasha
  1981 | D:2      | Noticed Natasha
  1987 | D:2      | Killed Natasha
  1987 | D:2      | Gained mutation: Your flesh is heat resistant. (rF+)
                  | [demonic ancestry]
  1987 | D:2      | Reached XP level 5. HP: 38/42 MP: 5/5
  2047 | D:3      | Noticed Ijyb
  2066 | D:3      | Blown up by Ijyb

Vault maps used:
D:1:      dpeg_chamrin_arrival_tetris, kennysheep_another_room,
          minmay_tromino_v4_b
D:2:      kennysheep_generic_room_4, uniq_natasha
D:3:      uniq_crazy_yiuf_cottage, uniq_ijyb

Skill      XL: |  1  2  3  4 |
---------------+-------------+-----
Shields        | 3 |  3.2
Axes           | 2 3 |  3.5
Armour         | 3 |  3.2
Fighting       | |  3.7
Dodging        | |  0.9

Action                   |  1- 3 |  4- 6 || total
-------------------------+-------+-------++-------
Melee: War axe           |    79 |    67 ||   146
  Eat: Chunk             |     1 |     3 ||     4
Armor: Scale mail        |    44 |    25 ||    69
Dodge: Dodged            |    22 |    22 ||    44
Block: Shield            |    47 |    29 ||    76

Table legend:
 A = Non-vault XP
 B = Vault XP
 C = Vault XP percentage of total XP
 D = Non-vault monster count
 E = Vault monster count
 F = Vault count percentage of total count
                 A         B        C        D         E       F
            +---------+---------+-------+---------+---------+-------
      Total |     193 |      42 |  17.9 |      50 |       5 |   9.1
            +---------+---------+-------+---------+---------+-------
        D:1 |      39 |       2 |   4.9 |      18 |       2 |  10.0
        D:2 |     132 |      40 |  23.3 |      29 |       3 |   9.4
        D:3 |      22 |       0 |   0.0 |       3 |       0 |   0.0
            +---------+---------+-------+---------+---------+-------
